 Dungeon Crawl Stone Soup version 0.31-a0-840-g6d2ecbb638 (webtiles) character file.

Game seed: 12297798747887567212

98 Ivernyr the Shield-Bearer (level 5, -2/43 HPs)
             Began as a Formicid Fighter on Sept 27, 2023.
             Slain by a gnoll
             ... wielding a +0 halberd
              (11 damage)
             ... on level 4 of the Dungeon.
             The game lasted 00:04:20 (3055 turns).

Ivernyr the Shield-Bearer (Formicid Fighter)        Turns: 3055, Time: 00:04:21

Health: -2/43      AC:  8    Str: 22    XL:     5   Next: 1%
Magic:  5/5        EV:  9    Int:  8    God:
Gold:   145        SH:  5    Dex: 13    Spells: 4/4 levels left

rFire   . . .        a - +0 quarterstaff
rCold   . . .        c - +0 buckler
rNeg    . . .        b - +0 scale mail
rPois   .            (helmet unavailable)
rElec   .            (no cloak)
rCorr   .            t - +0 pair of gloves
SInv    +            (no boots)
Will    .....        (no amulet) Stlth
                     (no ring)
HPRegen 0.27/turn    (no ring)
MPRegen 0.09/turn

%: no passive effects
@: no status effects
A: permanent stasis, dig shafts and tunnels, antennae 3, four strong arms
a: Dig, Shaft Self


You were on level 4 of the Dungeon.
You visited 1 branch of the dungeon, and saw 4 of its levels.

You collected 145 gold pieces.

Inventory:

Hand Weapons
 a - a +0 quarterstaff (weapon)
Armour
 b - a +0 scale mail (worn)
 c - a +0 buckler (worn)
 t - a +0 pair of gloves (worn)
Jewellery
 m - an amulet of the acrobat
 p - an amulet of faith
Scrolls
 e - 2 scrolls of fear {unknown}
 i - 2 scrolls of torment {unknown}
 j - a scroll of brand weapon {unknown}
 k - 5 scrolls of identify {unknown}
 l - 4 scrolls of teleportation {unknown}
 n - 2 scrolls of enchant weapon {unknown}
 q - a scroll of noise {unknown}
 s - a scroll of immolation {unknown}
 v - a scroll of vulnerability {unknown}
Potions
 d - 4 potions of might
 f - 2 potions of heal wounds {unknown}
 g - a potion of brilliance {unknown}
 h - a potion of haste {unknown}
 o - a potion of ambrosia {unknown}
 r - 2 potions of degeneration {unknown}
 u - a potion of resistance {unknown}
 w - 2 potions of attraction {unknown}


   Skills:
 * Level 4.4 Fighting
 + Level 2.7 Staves
 + Level 3.9 Armour
 + Level 4.7 Shields


You had 4 spell levels left.
You didn't know any spells.
Your spell library contained the following spells:

 Spells                   Type           Power      Damage    Failure   Level
 Ensorcelled Hibernation  Hex/Ice        0%         N/A       90%         2
 Passwall                 Tmut/Erth      0%         N/A       90%         2
 Animate Dead             Necr           0%         N/A       100%        4
 Borgnjor's Vile Clutch   Necr/Erth      0%         N/A       100%        5
 Death Channel            Necr           0%         N/A       100%        6
 Swiftness                Air            Unusable   N/A       N/A         3

Dungeon Overview and Level Annotations

Branches:
Dungeon (4/15)
 Temple: D:4-7

Altars:


Innate Abilities, Weirdness & Mutations

You cannot be hasted, slowed, berserked, paralysed or teleported.
You can dig through walls and to a lower floor.
You have a pair of large antennae on your head. (SInv)
Your four strong arms can wield two-handed weapons with a shield.


Message History

Found 8 stones.
You see here 8 stones.
w - an amethyst potion You see here 8 stones.
You open the door.
There is an open door here.
Found a stone staircase leading up.
There is a stone staircase leading up here.
w - 2 amethyst potions (gained 1)
There is a stone staircase leading up here.
There is an open door here.
There is an open door here.
Done exploring.
Done exploring.
What level of the Dungeon? (default 3, ? - help)
There is a stone staircase leading down here.
You climb downwards.
The gnoll shouts!
The iguana hisses angrily.
You hear a shout!
You sense a monster nearby.
Found a scroll labelled NIJONA UMAINETS.
Found a stone staircase leading down.
There is a stone staircase leading up here.
A gnoll comes into view. It is wielding a +0 spear.
The gnoll hits you with a +0 halberd!
A gnoll comes into view. It is wielding a +0 whip.
The gnoll shouts!
You hit the gnoll but do no damage. You block the gnoll's attack.
You hit the gnoll.
The gnoll is moderately wounded.
The gnoll hits you with a +0 halberd. The iguana bites you.
The gnoll hits you from afar with a +0 halberd!
The gnoll attacks as it pursues you!
The gnoll hits you from afar with a +0 halberd.
* * * LOW HITPOINT WARNING * * *
The iguana closely misses you.
There is a stone staircase leading up here.
The iguana closely misses you.
The gnoll hits you from afar with a +0 halberd!
You die...

...# ### .#.# #..
..... #.# .... ##
#.#...# ,..
#.#...#.#
#.###.###........
..g..g.g.@......>
#.#######l.#..#..
#...?....
####...#. ..## ##


You could see an iguana and 3 gnolls.

Vanquished Creatures
  2 adders (D:3)
  3 gnolls (D:2)
  A worm (D:2)
  4 dart slugs
  An orc (D:3)
  6 ball pythons
  4 endoplasms
  6 goblins
  A hobgoblin (D:3)
  2 jackals (D:1)
  3 kobolds
  2 bats (D:1)
  2 frilled lizards (D:3)
  5 rats
42 creatures vanquished.

Notes
Turn   | Place    | Note
-------+----------+-------------------------------------------
     0 | D:1      | Ivernyr the Formicid Fighter began the quest for the Orb.
     0 | D:1      | Reached XP level 1. HP: 18/18 MP: 1/1
   215 | D:1      | Reached XP level 2. HP: 18/24 MP: 2/2
   542 | D:1      | Reached XP level 3. HP: 24/30 MP: 3/3
  1253 | D:2      | Reached XP level 4. HP: 9/37 MP: 4/4
  2312 | D:3      | Found a faded altar of an unknown god.
  2485 | D:3      | Identified the +9 short sword of the Red Skies {venom,
                  | Str+3}
  2532 | D:3      | Reached XP level 5. HP: 38/43 MP: 5/5
  3055 | D:4      | Slain by a gnoll

Illustrated notes

Levels and vault maps discovered:
D:1:      sevenhm_arrival_forest_fort_small_5, layout_basic, serial_forest,
          infiniplex_forest_corner_1, infiniplex_forest_clump_small,
          infiniplex_forest_lined_room_2, infiniplex_forest_end_1,
          infiniplex_forest_end_double, infiniplex_forest_clump_small,
          minmay_ruptured
D:2:      layout_loops_corners
D:3:      layout_basic, dreamdust_ecumenical_altar_statues
D:4:      layout_basic, yredelemnul_forgotten_temple_becter,
          nicolae_overflow_hidden_temple

Skill      XL: |  1  2  3 |
---------------+----------+-----
Fighting       | 4 |  4.4
Staves         | |  2.7
Armour         | |  3.9
Shields        | |  4.7

Action                     |  1- 3 |  4- 6 || total
---------------------------+-------+-------++-------
  Melee: Quarterstaff      |    67 |    54 ||   121
 Armour: Scale mail        |    57 |    40 ||    97
  Dodge: Dodged            |    30 |    20 ||    50
  Block: Buckler           |    11 |    14 ||    25

Table legend: (Time is in decaauts)
 A = Elapsed time spent in this place.
 B = Non-inter-level travel time spent in this place.
 C = Inter-level travel time spent in this place.
 D = Time resting spent in this place.
 E = Time spent auto-exploring this place.
 F = Levels seen in this place.
 G = Mean time per level.
                   A        B        C        D        E       F      G
               +--------+--------+--------+--------+--------+-----+--------+
         Total |   3083 |   2999 |     84 |    112 |   2433 |   4 |  770.8 |
       Dungeon |   3083 |   2999 |     84 |    112 |   2433 |   4 |  770.8 |
               +--------+--------+--------+--------+--------+-----+--------+

Top non-repeatable levels by time:
     D:2: 1043 daAuts
     D:3: 1035 daAuts
     D:1: 997 daAuts
     D:4: 7 daAuts
